 Dungeon Sprint DCSS version 0.27.1-1-g398f81649c (webtiles) character file.

Game seed: 10847985605576618791

1292 Dadi the Fighter (level 8, -7/64 HPs)
             Began as a Gargoyle Berserker on Sept 14, 2021.
             Was a Priest of Trog.
             Shot with an arrow by a centaur warrior (12 damage)
             ... in the Dungeon (Sprint I: "Red Sonja").
             The game lasted 00:02:04 (628 turns).

Dadi the Fighter (Gargoyle Berserker)                Turns: 628, Time: 00:02:05

Health: -7/64      AC: 12    Str: 23    XL:     8   Next: 56%
Magic:  8/8        EV: 10    Int:  8    God:    Trog [***...]
Gold:   297        SH:  0    Dex:  9    Spells: 7/7 levels left

rFire    . . .     SeeInvis .   a - +0 mace
rCold    . . .     Faith    .   (no shield)
rNeg     + . .     Spirit   .   i - +0 scale mail
rPois    ∞         Reflect  .   (no helmet)
rElec    +         Harm     .   (no cloak)
rCorr    +         Rampage  .   (no gloves)
Will     .....     NoTele   +   (no boots)
Stlth    ..........             (no amulet)
HPRegen  0.20/turn              k - ring of resist corrosion
MPRegen  0.11/turn              (no ring)

@: on berserk cooldown, slowed, very slow
A: sickness immunity, AC +5, negative energy resistance 1, electricity
resistance, torment resistance 1, petrification resistance
a: Renounce Religion, Berserk, Trog's Hand


You were in the Dungeon.
You worshipped Trog.
Trog was most pleased with you.
You visited 1 branch You collected 297 gold pieces.

Inventory:

Hand Weapons
 a - a +0 mace (weapon)
Missiles
 j - a throwing net (quivered)
Armour
 b - a +0 animal skin
 i - a +0 scale mail (worn)
Jewellery
 k - a ring of resist corrosion (left hand)
Scrolls
 h - a scroll of blinking
Potions
 c - 3 potions of curing
 d - a potion of heal wounds
 e - a potion of haste
 f - 2 potions of magic
 g - a potion of berserk rage


   Skills:
 + Level 14.0 Fighting
 + Level 13.0 Maces & Flails
 - Level 2.1 Armour
 - Level 1.5 Dodging


You had 7 spell levels left.
You didn't know any spells.
Your spell library was empty.

Dungeon Overview and Level Annotations

Branches:
Dungeon (1/1)

Altars:
Cheibriados
Dithmenos
Elyvilon
Fedhas
Gozag
Hepliaklqana
Kikubaaqudgha
Makhleb
Nemelex Xobeh
Okawaru
Qazlal
Ru
Sif Muna
Trog
Uskayaw
Vehumet
Wu Jian
Xom
Yredelemnul
Zin
The Shining One
Jiyva
Lugonu

Shops:
D =


Innate Abilities, Weirdness & Mutations

You are immune to sickness and miasma.
Your stone body is resilient. (AC +5)
You are immune to poison.
You resist negative energy. (rN+)
You are resistant to electric shocks. (rElec)
You are resistant to unholy torment.
You are immune to petrification.


Message History

The centaur warrior kicks you but does no damage.
The centaur warrior shoots an arrow.
The arrow barely misses you.
You sock the centaur warrior!
The centaur warrior is almost dead.
The centaur warrior barely misses you.
The centaur warrior kicks you but does no damage.
You barely miss the centaur warrior.
The centaur warrior is almost dead.
The centaur warrior shoots an arrow.
The arrow hits you. The centaur warrior hits you.
The centaur warrior barely misses you.
You sock the centaur warrior!
You kill the centaur warrior!
Trog accepts your kill.
You hear a splash. x2
The centaur warrior shoots an arrow.
The arrow closely misses you.
Your Fighting skill gained 2 levels and is now at level 14!
Your Maces & Flails skill gained 2 levels and is now at level 13!
You have reached level 8!
You feel clever.
You slam the door shut with a bang!
You feel a strong urge to attack something.
A centaur warrior opens the door.
You see here a +0 chain mail.
You feel your anger nearly subside.
You are no longer berserk.
You are exhausted.
You feel yourself slow down.
There is an open door here.
The centaur warrior shoots an arrow.
The arrow misses you.
The centaur warrior shoots an arrow.
The arrow hits you!
* * * LOW HITPOINT WARNING * * *
Which direction?
You close the door.
A centaur warrior opens the door.
The centaur warrior shoots an arrow.
The arrow closely misses you.
The centaur warrior shoots an arrow.
The arrow hits you!
* * * LOW HITPOINT WARNING * * *
There is an open door here.
You close the door.
Something unseen opens the door.
The centaur warrior shoots an arrow.
The arrow hits you!
You die...

###################
#<.#..)..#..@.c#__#
#..)..#..').#..'..+
#..#####'#####'#__#
#..####..#...#[####§$#
#..#__####..##.#)≈§§.#
#..#_____##'#_.c§§§§
#⌠⌠#_.∩...'..._#≈c§§§
####_..__##_.#'##+###
#_____###+#.#


You could see a centaur warrior.

Vanquished Creatures
  A centaur warrior (D)
  A slime creature (D)
  Sigmund (D)
  A yak (D)
  An ogre (D)
  A jelly (D)
  Ijyb (D)
7 creatures vanquished.

Vanquished Creatures (others)
  A gargoyle (D)
1 creature vanquished.

Grand Total: 8 creatures vanquished

Notes
Turn   | Place    | Note
-------+----------+-------------------------------------------
     0 | D        | Dadi the Gargoyle Berserker began the quest for the Orb.
     0 | D        | Reached XP level 1. HP: 14/14 MP: 1/1
     1 | D        | Noticed Ijyb
     8 | D        | Killed Ijyb
     9 | D        | Reached skill level 5 in Fighting
     9 | D        | Reached skill level 5 in Maces & Flails
     9 | D        | Reached XP level 2. HP: 21/21 MP: 2/2
     9 | D        | Reached XP level 3. HP: 26/26 MP: 3/3
    96 | D        | Noticed an ogre
    99 | D        | Killed an ogre
   100 | D        | Reached skill level 7 in Fighting
   100 | D        | Reached XP level 4. HP: 35/35 MP: 4/4
   155 | D        | Noticed Sigmund
   164 | D        | Killed Sigmund
   164 | D        | Reached ** piety under Trog
   165 | D        | Reached skill level 10 in Fighting
   165 | D        | Reached XP level 5. HP: 42/42 MP: 5/5
   165 | D        | Reached XP level 6. HP: 48/48 MP: 6/6
   229 | D        | Found an ornate altar of the Wu Jian Council.
   229 | D        | Found a shimmering blue altar of Sif Muna.
   231 | D        | Found a radiant altar of Vehumet.
   254 | D        | Found a burning altar of Makhleb.
   254 | D        | Found a viscous altar of Jiyva.
   254 | D        | Found a shimmering altar of Xom.
   254 | D        | Found a corrupted altar of Lugonu.
   254 | D        | Noticed a slime creature
   290 | D        | Killed a slime creature
   291 | D        | Reached skill level 11 in Fighting
   291 | D        | Reached skill level 10 in Maces & Flails
   291 | D        | Reached XP level 7. HP: 15/55 MP: 7/7
   550 | D        | Found Geompy's Jewellery Emporium.
   550 | D        | Found an ancient bone altar of Kikubaaqudgha.
   550 | D        | Found a hazy altar of Hepliaklqana.
   550 | D        | Found a hide-covered altar of Uskayaw.
   550 | D        | Found a basalt altar of Yredelemnul.
   550 | D        | Found an opulent altar of Gozag.
   550 | D        | Found a snail-covered altar of Cheibriados.
   550 | D        | Found a sacrificial altar of Ru.
   550 | D        | Found a shadowy altar of Dithmenos.
   550 | D        | Noticed a yak
   555 | D        | Killed a yak
   555 | D        | Reached *** piety under Trog
   556 | D        | Reached skill level 12 in Fighting
   556 | D        | Found a stormy altar of Qazlal.
   556 | D        | Found a blossoming altar of Fedhas.
   556 | D        | Found a bloodstained altar of Trog.
   556 | D        | Found an iron altar of Okawaru.
   556 | D        | Found a glowing golden altar of the Shining One.
   556 | D        | Found a glowing silver altar of Zin.
   556 | D        | Found a white marble altar of Elyvilon.
   557 | D        | Found a sparkling altar of Nemelex Xobeh.
   573 | D        | Killed a gargoyle
   609 | D        | Noticed a centaur warrior
   610 | D        | Noticed a centaur warrior
   618 | D        | Killed a centaur warrior
   619 | D        | Reached skill level 14 in Fighting
   619 | D        | Reached XP level 8. HP: 41/64 MP: 8/8
   628 | D        | Shot with an arrow by a centaur warrior

Illustrated notes

Levels and vault maps discovered:
D:        dungeon_sprint_1 [red_sonja_temple_1, red_sonja_temple_small_1]

Skill      XL: |  1  2  3  4  5  6  7 |
---------------+----------------------+-----
Fighting       | 5 7 10 11 14 | 14.0
Maces & Flails | 5 7 9 10 13 | 13.0
Armour         | |  2.1
Dodging        | |  1.5

Action                   |  1- 3 |  4- 6 |  7- 9 || total
-------------------------+-------+-------+-------++-------
Melee: Mace              |     8 |    15 |    12 ||    35
Invok: Berserk           |     2 |     3 |     2 ||     7
Armor: Animal skin       |     1 |       |       ||     1
       Scale mail        |       |     3 |     8 ||    11
Dodge: Dodged            |     2 |     9 |    13 ||    24
